 Dungeon Crawl Stone Soup version 0.20.1-1-g8b1a95d (webtiles) character file.

458 homeworkjunkie the Chopper (level 7, -13/61 HPs)
             Began as a Hill Orc Fighter on Dec 23, 2017.
             Mangled by an orc warrior
             ... wielding a +0 long sword
              (19 damage)
             ... on level 4 of the Dungeon.
             The game lasted 00:06:30 (4398 turns).

homeworkjunkie the Chopper (Hill Orc Fighter)       Turns: 4398, Time: 00:06:31

Health: -13/61     AC: 11    Str: 20      XL:     7   Next: 6%
Magic:  7/7        EV:  5    Int:  5 (8)  God:
Gold:   193        SH:  9    Dex:  9 (11) Spells: 6/6 levels left

rFire    + . .     SeeInvis .   a - +1 war axe
rCold    + + .     Gourm    .   c - +0 shield
rNeg     . . .     Faith    +   e - +2 chain mail {rC+}
rPois    +         Spirit   .   (no helmet)
rElec    +         Reflect  .   (no cloak)
rCorr    +         Harm     .   (no gloves)
MR       .....     Clarity  +   (no boots)
Stlth    ..........             o - amulet of faith
Regen    0.2/turn               j - -5 ring of intelligence (curse)
MPRegen  0.1/turn               (no ring)

@: brilliant, resistant, slowed, lost intelligence, very slow
A: clarity, sense surroundings 1
a: no special abilities


You were on level 4 of the Dungeon.
You were not hungry.

You visited 1 branch of the dungeon, and saw 4 of its levels.
You also visited: Sewer.

You collected 193 gold pieces.

Inventory:

Hand Weapons
 a - a +1 war axe (weapon)
Armour
 c - a +0 shield (worn)
 e - a +2 chain mail of cold resistance (worn)
Jewellery
 j - a cursed -5 ring of intelligence (left hand)
 l - an uncursed amulet of magic regeneration
 o - an amulet of faith (around neck)
Wands
 m - a wand of enslavement (3/24)
 u - a wand of acid (7/15)
Scrolls
 f - 2 scrolls of identify
 g - a scroll of blinking
 h - 2 scrolls of teleportation
 k - 3 scrolls of magic mapping
 n - a scroll of remove curse
Potions
 d - 3 potions of might
 p - a potion of curing
 s - a potion of agility
Comestibles
 b - 2 royal jellies
 q - 3 bread rations


   Skills:
 * Level 5.0 Fighting
 * Level 6.2 Axes
 * Level 4.9 Armour
 + Level 0.4 Dodging
 * Level 4.7 Shields
 * Level 0.4 Evocations


You had 6 spell levels left.
You didn't know any spells.

Dungeon Overview and Level Annotations

Branches:
Dungeon (4/15)
 Temple: D:4-7

Altars:
Ashenzari
Elyvilon
Nemelex Xobeh


Innate Abilities, Weirdness & Mutations

You possess an exceptional clarity of mind.
You passively map a small area around you.


Message History

You block the frilled lizard's attack.
You closely miss the orc priest.
The orc priest is severely wounded.
You slash the frilled lizard!
You kill the frilled lizard!
You closely miss the orc warrior.
The orc priest hits you but does no damage.
The orc warrior hits you with a long sword.
* * * LOW HITPOINT WARNING * * *
You block the orc priest's attack.
The orc warrior hits you with a long sword!
* * * LOW HITPOINT WARNING * * *
You slash the orc priest!
You kill the orc priest!
You have reached level 7!
You hit the orc warrior.
The orc wizard points at you and mumbles some strange words.
You resist with some effort.
The orc warrior hits you with a long sword!!
You die...

, ,.. #.###* * *
.#,##.#.. ,, * *
.#.##.#.# *
##.#.##.#.# * , ,
.######....##.#.# * .
** ...........##<#.#
...
$?.o..o<.S..#.#.###..#
*
..##...#.o#.#......?.#
..l.... ...[###@####.#
..##... ...S.o.o)# * *
* . #... .........# *
* #.#.*.##....... , *
#.#. .........##
#.#.*###..##### * ,...
* * , , ##.. , * * , ,


You could see an orc warrior, an orc wizard and an adder (wandering).

Vanquished Creatures
  2 bullfrogs (Sewer)
  A hound (D:4)
  A jelly (D:3)
  An orc priest (D:4)
  A river rat (D:4)
  10 adders
  3 worms (D:3)
  2 dart slugs (D:1)
  7 leopard geckos
  5 orcs (D:3)
  12 bats
  10 giant cockroaches
  12 goblins
  6 hobgoblins
  11 jackals
  9 kobolds
  A quokka (D:2)
  5 ball pythons
  9 frilled lizards
  A jackal zombie (D:4)
  7 rats
116 creatures vanquished.

Notes
Turn   | Place    | Note
-------+----------+-------------------------------------------
     0 | D:1      | homeworkjunkie the Hill Orc Fighter began the quest for the Orb.
     0 | D:1      | Reached XP level 1. HP: 19/19 MP: 1/1
   133 | D:1      | HP: 1/20 [goblin/dagger of electrocution (19)]
   756 | D:1      | Reached XP level 2. HP: 27/27 MP: 2/2
   776 | D:2      | Reached skill level 3 in Axes
   833 | D:2      | Reached XP level 3. HP: 26/33 MP: 3/3
  1031 | D:2      | Found a sparkling altar of Nemelex Xobeh.
  1061 | D:2      | Found a shattered altar of Ashenzari.
  1323 | D:4      | Reached XP level 4. HP: 16/40 MP: 4/4
  1332 | D:4      | Reached skill level 4 in Axes
  1333 | D:4      | Found a glowing drain.
  1351 | Sewer    | Entered a sewer
  1651 | Sewer    | Reached XP level 5. HP: 44/47 MP: 5/5
  1747 | Sewer    | Reached skill level 5 in Axes
  1747 | Sewer    | Reached XP level 6. HP: 19/55 MP: 6/6
  2323 | D:3      | Found a white marble altar of Elyvilon.
  2433 | D:3      | Lost intelligence.
  2635 | D:4      | Noticed an orc warrior
  2639 | D:3      | Reached skill level 5 in Fighting
  3263 | D:2      | Reached skill level 6 in Axes
  4380 | D:4      | Gained mutation: You possess an exceptional clarity of mind. [potion of mutation]
  4380 | D:4      | Gained mutation: You passively map a small area around you. [potion of mutation]
  4398 | D:4      | Reached XP level 7. HP: 6/61 MP: 7/7
  4398 | D:4      | Mangled by an orc warrior

Skill      XL: |  1  2  3  4  5  6 |
---------------+-------------------+-----
Fighting       | 4 5 |  5.0
Axes           | 3 4 5 6 |  6.2
Armour         | 4 |  4.9
Shields        | 4 |  4.7
Dodging        | |  0.4
Evocations     | |  0.4

Action                   |  1- 3 |  4- 6 |  7- 9 || total
-------------------------+-------+-------+-------++-------
Melee: War axe           |   134 |   284 |       ||   418
  Use: Scroll            |     6 |     4 |       ||    10
       Potion            |       |     8 |       ||     8
  Eat: Bread ration      |     1 |     2 |       ||     3
       Royal jelly       |       |     1 |       ||     1
Armor: Scale mail        |    42 |       |       ||    42
       Chain mail        |    25 |   258 |       ||   283
Dodge: Dodged            |    49 |    88 |       ||   137
Block: Shield            |    87 |   225 |       ||   312
